 Dungeon Crawl Stone Soup version 0.22.1-5-g62c59d919a (webtiles) character file.

238 Jynx the Skirmisher (level 6, -3/39 HPs)
             Began as a Gargoyle Fighter on Jan 12, 2019.
             Slain by an ice beast (12 damage)
             ... on level 3 of the Dungeon.
             The game lasted 00:03:46 (2144 turns).

Jynx the Skirmisher (Gargoyle Fighter)              Turns: 2144, Time: 00:03:46

Health: -3/39      AC: 17    Str: 20    XL:     6   Next: 7%
Magic:  6/6        EV:  5    Int:  9    God:
Gold:   61         SH:  9    Dex: 10    Spells: 5/5 levels left

rFire    . . .     SeeInvis .   s - -3 flail (curse)
rCold    . . .     Gourm    .   c - +0 shield
rNeg     + . .     Faith    .   o - +4 chain mail
rPois    ∞         Spirit   .   (no helmet)
rElec    +         Reflect  .   (no cloak)
rCorr    .         Harm     .   (no gloves)
MR       .....                  (no boots)
Stlth    ..........             (no amulet)
HPRegen  0.13/turn              (no ring)
MPRegen  0.10/turn              (no ring)

@: no status effects
A: negative energy resistance 1, electricity resistance, unbreathing,
petrification resistance, rot immunity, AC +4
a: no special abilities


You were on level 3 of the Dungeon.
You were not hungry.

You visited 1 branch of the dungeon, and saw 3 of its levels.

You collected 61 gold pieces.

Inventory:

Hand Weapons
 a - a +1 flail
 s - a cursed -3 flail (weapon)
Armour
 b - a +0 scale mail
 c - a +0 shield (worn)
 o - a +4 chain mail (worn)
Jewellery
 n - an uncursed amulet of faith
Scrolls
 h - 2 scrolls of teleportation
 j - a scroll of fear
 k - a scroll of identify
 q - a scroll of amnesia
 t - a scroll of remove curse {unknown}
 u - a scroll of enchant weapon
Potions
 d - 2 potions of might
 e - 4 potions of haste {unknown}
 g - a potion of ambrosia {unknown}
 i - a potion of cancellation {unknown}
 l - 3 potions of lignification {unknown}
 m - 5 potions of curing {unknown}
 p - a potion of invisibility {unknown}
Comestibles
 f - 11 rations


   Skills:
 + Level 4.3 Fighting
 * Level 4.1 Maces & Flails
 + Level 4.3 Armour
 + Level 4.3 Shields


You had 5 spell levels left.
You didn't know any spells.
Your spell library was empty.

Dungeon Overview and Level Annotations

Branches:
Dungeon (3/15)

Altars:


Innate Abilities, Weirdness & Mutations

You are resistant to torment.
Your stone body is resilient. (AC +4)
You are immune to poison.
You resist negative energy. (rN+)
You are resistant to electric shocks. (rElec)
You can survive without breathing.
You are immune to petrification.
You are immune to rotting.


Message History

You are too injured to fight recklessly!
You are too injured to fight recklessly!
You are too injured to fight recklessly!
You are too injured to fight recklessly!
You are too injured to fight recklessly!
You are too injured to fight recklessly!
You are too injured to fight recklessly!
You are too injured to fight recklessly!
Your chain mail prevents you from hitting the ice beast.
The ice beast is severely wounded.
The ice beast hits you but does no damage.
You barely miss the ice beast.
The ice beast is severely wounded.
The ice beast hits you but does no damage.
Your shield and chain mail prevent you from hitting the ice beast.
The ice beast is severely wounded.
The ice beast hits you.
* * * LOW HITPOINT WARNING * * *
The ice beast freezes you!
You die...

.....†.......#............#
.###.##.#.#..#.############
..##.#....# .#.#
#.##.####.# #.# #..#......#
#.# ##.#.###..# #.#
#.#..)...# #.# #...####.#
#.######### ##..# .#
#..@Y...... ....# .#
########### ....># .#
....#. .# ....#.# .#
....#.# ....#.#


You could see an ice beast.

Vanquished Creatures
  An ogre (D:2)
  Jessica (D:3)
  A hound skeleton (D:2)
  5 adders
  A leopard gecko (D:1)
  4 orcs (D:3)
  9 bats
  5 giant cockroaches
  7 hobgoblins
  3 jackals (D:3)
  3 ball pythons
  5 frilled lizards
  6 goblins
  9 kobolds
  10 rats
70 creatures vanquished.

Notes
Turn   | Place    | Note
-------+----------+-------------------------------------------
     0 | D:1      | Jynx the Gargoyle Fighter began the quest for the Orb.
     0 | D:1      | Reached XP level 1. HP: 14/14 MP: 1/1
   126 | D:1      | Reached XP level 2. HP: 19/19 MP: 2/2
   362 | D:1      | Reached XP level 3. HP: 21/23 MP: 3/3
  1150 | D:2      | Reached XP level 4. HP: 29/29 MP: 4/4
  1206 | D:2      | Noticed an ogre
  1214 | D:2      | Killed an ogre
  1214 | D:2      | Reached XP level 5. HP: 25/33 MP: 5/5
  1887 | D:3      | Noticed Jessica
  1900 | D:3      | Killed Jessica
  2008 | D:3      | Reached XP level 6. HP: 38/38 MP: 6/6
  2119 | D:3      | Noticed an ice beast
  2144 | D:3      | Slain by an ice beast

Skill      XL: |  1  2  3  4  5 |
---------------+----------------+-----
Maces & Flails | 3 4 |  4.1
Fighting       | 4 |  4.3
Armour         | 4 |  4.3
Shields        | 4 |  4.3

Action                   |  1- 3 |  4- 6 || total
-------------------------+-------+-------++-------
Melee: Flail             |   149 |   162 ||   311
  Use: Scroll            |     5 |     5 ||    10
  Eat: Chunk             |     1 |     4 ||     5
Armor: Scale mail        |    51 |       ||    51
       Chain mail        |    43 |   106 ||   149
Dodge: Dodged            |    39 |    37 ||    76
Block: Shield            |    91 |    72 ||   163
